 Dungeon Crawl Stone Soup version 0.31-a0-986-g5e6e4ef867 (webtiles) character file.

Game seed: 365783968699472962

44 javelincjr the Changeling (level 3, -4/28 HPs)
             Began as a Draconian Shapeshifter on Nov 9, 2023.
             Slain by a gnoll
             ... wielding a +0 spear
              (5 damage)
             ... on level 2 of the Dungeon.
             The game lasted 00:01:58 (1030 turns).

javelincjr the Changeling (Draconian Shapeshifter)  Turns: 1030, Time: 00:01:58

Health: -4/28      AC:  5    Str: 18    XL:     3   Next: 41%
Magic:  3/3        EV: 12    Int: 10    God:
Gold:   57         SH:  0    Dex: 16    Spells: 2/2 levels left

rFire   + .          .
                       - Unarmed
rCold   . . .        (no shield)
rNeg    . . .        (body armour unavailable)
rPois   .            (helmet currently unavailable)
rElec   .            (cloak currently unavailable)
rCorr   .            (gloves currently unavailable)
SInv    .            (boots currently unavailable)
Will    .....        (no amulet)
Stlth   +            f - ring of protection from fire
HPRegen 0.24/turn    k - +6 ring of dexterity
MPRegen 0.08/turn

%: no passive effects
@: beast-form
A: beast (slay +2), AC +5, unfitting armour, cold-blooded
a: Begin Untransformation


You were on level 2 of the Dungeon.
You were a hulking beast.
You visited 1 branch of the dungeon, and saw 2 of its levels.

You collected 57 gold pieces.

Inventory:

Missiles
 d - 2 throwing nets
Jewellery
 f - a ring of protection from fire (left hand)
 k - a +6 ring of dexterity (right hand)
Talismans
 b - a beast talisman
 c - a flux talisman
Scrolls
 e - a scroll of revelation {unknown}
 h - a scroll of blinking {unknown}
 i - a scroll of summoning {unknown}
 j - 2 scrolls of identify {unknown}
 l - a scroll of teleportation {unknown}
Potions
 a - a potion of lignification
 g - 3 potions of attraction {unknown}


   Skills:
 - Level 1.3 Fighting
 - Level 2.0 Dodging
 - Level 3.1 Unarmed Combat
 * Level 4.1 Shapeshifting


You had 2 spell levels left.
You didn't know any spells.
Your spell library was empty.

Dungeon Overview and Level Annotations

Branches:
Dungeon (2/15)

Altars:


Innate Abilities, Weirdness & Mutations

You are a hulking beast.
Your limbs bulge with bestial killing power. (Slay +2)
Your plain brown scales are hard. (AC +5)
You cannot fit into any form of body armour.
You are cold-blooded and may be slowed by cold attacks.


Message History

You tail-slap the gnoll, but do no damage.
The gnoll is severely wounded.
The gnoll misses you.
You closely miss the gnoll. You tail-slap the gnoll.
The gnoll is almost dead.
The gnoll barely misses you.
You hit the gnoll.
You kill the gnoll!
Your Shapeshifting skill increases to level 4!
You hit the gnoll.
The gnoll is heavily wounded.
The gnoll hits you with a +0 whip.
You completely miss the gnoll.
The gnoll is heavily wounded.
The gnoll barely misses you. x2
You hit the gnoll. You tail-slap the gnoll.
The gnoll is almost dead.
The gnoll completely misses you. The gnoll hits you but does no damage.
You barely miss the gnoll.
The gnoll is almost dead.
The gnoll hits you with a +0 whip.
The gnoll hits you from afar with a +0 spear.
* * * LOW HITPOINT WARNING * * *
You completely miss the gnoll.
The gnoll is almost dead.
The gnoll closely misses you. The gnoll barely misses you.
You barely miss the gnoll.
The gnoll is almost dead.
The gnoll barely misses you. The gnoll closely misses you.
You barely miss the gnoll.
The gnoll is almost dead.
The gnoll closely misses you.
The gnoll hits you from afar with a +0 spear.
* * * LOW HITPOINT WARNING * * *
You hit the gnoll.
Your tail-slap misses the gnoll.
The gnoll is almost dead.
The gnoll hits you with a +0 whip.
* * * LOW HITPOINT WARNING * * *
The gnoll hits you from afar with a +0 spear.
You die...

##.......... #..#
#<.......... #..#
#[.......... #..#
#...........
##.g###...........
#.................
#..####.[.........
######..####.........##
.^...[.†ggh..........#
######.)####.##........
#..####.##........
##..#..............
#........##...#.###
.......#######...#.#
#####.## #### # #. #.


You could see 2 gnolls.

Vanquished Creatures
  A gnoll (D:2)
  3 dart slugs
  A ball python (D:1)
  A bat (D:1)
  2 endoplasms
  5 giant cockroaches
  4 goblins
  2 hobgoblins (D:1)
  2 quokkas (D:1)
  2 kobolds (D:1)
  2 rats (D:1)
25 creatures vanquished.

Notes
Turn   | Place    | Note
-------+----------+-------------------------------------------
     0 | D:1      | javelincjr the Draconian Shapeshifter began the quest for
                  | the Orb.
     0 | D:1      | Reached XP level 1. HP: 16/16 MP: 1/1
   221 | D:1      | Reached XP level 2. HP: 7/23 MP: 2/2
   462 | D:1      | Found a faded altar of an unknown god.
   995 | D:2      | Reached XP level 3. HP: 28/28 MP: 3/3
  1023 | D:2      | Reached skill level 4 in Shapeshifting
  1030 | D:2      | HP: 1/28 [gnoll/+0 whip (5)]
  1030 | D:2      | Slain by a gnoll

Illustrated notes

Levels and vault maps discovered:
D:1:      dpeg_arrival_simpleton_b, layout_basic,
          dreamdust_ecumenical_altar_grove
D:2:      layout_basic, basic_altar

Skill      XL: |  1  2  3 |
---------------+----------+-----
Dodging        | 2 |  2.0
Shapeshifting  | 4 |  4.1
Fighting       | |  1.3
Unarmed Combat | |  3.1

Action                     || total
---------------------------++-------
  Melee: Unarmed           ||    73
         Punch             ||     2
         Tailslap          ||     7
   Stab: Sleeping          ||     2
 Armour: Skin              ||    35
  Dodge: Dodged            ||    32

Table legend: (Time is in decaauts)
 A = Elapsed time spent in this place.
 B = Non-inter-level travel time spent in this place.
 C = Inter-level travel time spent in this place.
 D = Time resting spent in this place.
 E = Time spent auto-exploring this place.
 F = Levels seen in this place.
 G = Mean time per level.
                   A        B        C        D        E       F      G
               +--------+--------+--------+--------+--------+-----+--------+
         Total |   1024 |   1003 |     21 |      0 |    847 |   2 |  512.0 |
       Dungeon |   1024 |   1003 |     21 |      0 |    847 |   2 |  512.0 |
               +--------+--------+--------+--------+--------+-----+--------+

Top non-repeatable levels by time:
     D:1: 983 daAuts
     D:2: 40 daAuts
